 Dungeon Crawl Stone Soup version 0.30.1-4-g462c640d31 (webtiles) character file.

Game seed: 14016332445358670851

21 safid the Chiller (level 2, -1/21 HPs)
             Began as a Merfolk Ice Elementalist on Sept 11, 2023.
             Slain by a goblin
             ... wielding a +0 dagger of electrocution
              (15 damage)
             ... on level 1 of the Dungeon.
             The game lasted 00:01:16 (335 turns).

safid the Chiller (Merfolk Ice Elementalist)         Turns: 335, Time: 00:01:16

Health: -1/21      AC:  2    Str:  8    XL:     2   Next: 87%
Magic:  2/5        EV: 12    Int: 14    God:
Gold:   18         SH:  0    Dex: 14    Spells: 4/5 levels left

rFire   . . .        d - +1 short sword (elec)
rCold   . . .        (no shield)
rNeg    . . .        a - +0 robe
rPois   .            (no helmet)
rElec   .            (no cloak)
rCorr   .            (no gloves)
SInv    .            (no boots)
Will    .....        (no amulet)
Stlth   ++           (no ring)
HPRegen 0.23/turn    (no ring)
MPRegen 0.09/turn

%: no passive effects
@: no status effects
A: (nimble swimmer 2), mertail
a: no special abilities


You were on level 1 of the Dungeon.
You visited 1 branch of the dungeon, and saw 1 of its levels.

You collected 18 gold pieces.

Inventory:

Hand Weapons
 d - a +1 short sword of electrocution (weapon)
Armour
 a - a +0 robe (worn)
Potions
 b - a potion of magic
 c - a potion of brilliance {unknown}


   Skills:
 + Level 1.3 Fighting
 - Level 2.6 Dodging
 - Level 2.1 Stealth
 + Level 2.4 Spellcasting
 + Level 4.6 Ice Magic


You had 4 spell levels left.
You knew the following spells:

 Your Spells              Type           Power      Damage    Failure   Level
a - Freeze                Ice            56%        1d7       3%          1

Your spell library contained the following spells:

 Spells                   Type           Power      Damage    Failure   Level
 Frozen Ramparts          Ice            28%        1d5       10%         3
 Ozocubu's Armour         Ice            14%        N/A       10%         3
 Passwall                 Tmut/Erth      0%         N/A       34%         2
 Summon Ice Beast         Ice/Summ       8%         N/A       65%         4
 Irradiate                Conj/Tmut      0%         3d11      99%         5


Dungeon Overview and Level Annotations

Branches:
Dungeon (1/15)

Altars:


Innate Abilities, Weirdness & Mutations

((You are very nimble when in or above water. (Stealth+, EV+, Speed+++)))
Your lower body shifts to a powerful aquatic tail in water.


Message History

The goblin hits you with a +0 dagger.
Unknown command.
Casting: Freeze (safe; 3% risk of failure)
Confirm with . or Enter, or press ? or * to list all spells.
Aiming: Freeze (safe; 3% risk of failure)
Press: ? - help, Shift-Dir - straight line, f - goblin
Aim: a goblin, wielding a +0 dagger You freeze the goblin.
The goblin is moderately wounded.
The goblin hits you with a +0 dagger.
Unknown command.
Casting: Freeze (safe; 3% risk of failure)
Confirm with . or Enter, or press ? or * to list all spells.
You don't have enough magic to cast this spell.
Unknown command.
You completely miss the goblin.
The goblin is moderately wounded.
The goblin closely misses you.
You hit the goblin. Lightning courses through the goblin!
You kill the goblin!
Things that are here:
a +0 dagger; a goblin corpse A bat comes into view.
The bat moves out of view.
A dart slug comes into view.
The bat closely misses you. The bat hits you but does no damage.
You hit the bat. Lightning courses through the bat!
You kill the bat!
Casting: Freeze (safe; 3% risk of failure)
Confirm with . or Enter, or press ? or * to list all spells.
You can't see any susceptible monsters within range! (Use Z to cast anyway.) Unknown command.
A goblin comes into view.
It is wielding a +0 dagger of electrocution.
The goblin shouts!
A goblin is nearby!
The goblin hits you with a +0 dagger of electrocution.
You are electrocuted!
Ouch! That really hurt!
You die...

#....)...## ##. #.#......w###..
#........##.# #?.....#.†#.#
#.#######.#.# #.. #...## #.#
###..# . ....########.)#### .#
......g@........# ..#
###.######....#.##..### ..#
##.#.........##
.#####.#####.........#... .. ..
........................ #.. ...
...#.#####..#..##.....#
#..###...##.#.# ##..#..##.......
..............###.....###.......
#.#..#.# #..........####.......


You could see a goblin.

Vanquished Creatures
  A dart slug (D:1)
  4 bats (D:1)
  An endoplasm (D:1)
  2 goblins (D:1)
  2 hobgoblins (D:1)
  2 jackals (D:1)
  A ball python (D:1)
  3 frilled lizards (D:1)
  A kobold (D:1)
  3 rats (D:1)
20 creatures vanquished.

Notes
Turn   | Place    | Note
-------+----------+-------------------------------------------
     0 | D:1      | safid the Merfolk Ice Elementalist began the quest for the
                  | Orb.
     0 | D:1      | Reached XP level 1. HP: 13/13 MP: 3/3
   116 | D:1      | Reached XP level 2. HP: 9/20 MP: 0/5
   169 | D:1      | Reached skill level 1 in Fighting
   289 | D:1      | Got Sif Muna's Spellbook of the Amorphous Tundra
   335 | D:1      | Slain by a goblin

Illustrated notes

Levels and vault maps discovered:
D:1:      elethiomel_arrival_shortcut, layout_rooms, serial_park_tiny_2,
          minivault_23, minmay_heptomino_d4

Skill      XL: |  1  2 |
---------------+-------+-----
Fighting       | 1 |  1.3
Dodging        | |  2.6
Stealth        | |  2.1
Spellcasting   | |  2.4
Ice Magic      | |  4.6

Action                     || total
---------------------------++-------
  Melee: Spear             ||    27
         Punch             ||     1
         Short sword       ||    21
   Cast: Freeze            ||    13
 Armour: Robe              ||    19
  Dodge: Dodged            ||    63
